 Dungeon Crawl Stone Soup version 0.20-b1-24-gb21faa7 (webtiles) character file.

2240 anfisbena the Carver (level 9, -10/90 HPs)
             Began as a Tengu Berserker on May 25, 2017.
             Was a Priest of Trog.
             Mangled by an orc warrior
             ... wielding a +0 glaive
              (13 damage)
             ... on level 7 of the Dungeon.
             The game lasted 00:07:02 (7964 turns).

anfisbena the Carver (Tengu Berserker)              Turns: 7964, Time: 00:07:03

Health: -10/90     AC:  2    Str: 22    XL:     9   Next: 36%
Magic:  10/10      EV: 13    Int:  8    God:    Trog [***...]
Gold:   386        SH:  0    Dex: 17    Spells: 8/8 levels left

rFire    + . .     SeeInvis +   a - +6 long sword of Gosepp {slice, rElec SInv}
rCold    . . .     Gourm    .   (no shield)
rNeg     . . .     Faith    .   z - +0 animal skin
rPois    +         Spirit   .   (helmet restricted)
rElec    +         Reflect  .   (no cloak)
rCorr    .         Harm     .   (no gloves)
MR       +++..                  (boots unavailable)
Stlth    ..........             (no amulet)
Regen    1.3/turn               q - ring of protection from fire
MPRegen  0.2/turn               g - ring of protection from magic

@: berserking (expiring), regenerating, very quick
A: beak, talons 3, poison resistance, able to fly 1
a: Fly, Berserk, Trog's Hand, Burn Spellbooks, Renounce Religion


You were on level 7 of the Dungeon.
You worshipped Trog.
Trog was most pleased with you.
You were near starving.

You visited 1 branch of the dungeon, and saw 7 of its levels.

You collected 386 gold pieces.

Inventory:

Hand Weapons
 a - the +6 long sword of Gosepp (weapon) {slice, rElec SInv}
   (You found it on level 6 of the Dungeon)

   It inflicts extra damage upon your enemies.
   It insulates you from electricity.
   It lets you see invisible.
 b - the +5 pair of quick blades "Gyre" and "Gimble" {pierce, Dex-3}
   (You found it on level 7 of the Dungeon)

   It inflicts extra damage upon your enemies.
   It affects your dexterity (-3).
Armour
 z - a +0 animal skin (worn)
Jewellery
 g - a ring of protection from magic (right hand)
 q - a ring of protection from fire (left hand)
Scrolls
 d - 10 scrolls of identify {unknown}
 e - 4 scrolls of teleportation {unknown}
 h - 6 scrolls of remove curse {unknown}
 j - a scroll of noise {unknown}
 l - a scroll of amnesia {unknown}
 m - a scroll of enchant weapon {unknown}
 n - a scroll of immolation {unknown}
 t - 2 scrolls of blinking {unknown}
 w - a scroll of recharging {unknown}
 x - a scroll of fear {unknown}
 y - a scroll of silence {unknown}
Potions
 k - 2 potions of flight {unknown}
 o - a potion of haste {unknown}
 p - a potion of berserk rage {unknown}
 r - a potion of mutation {unknown}
 s - 3 potions of curing {unknown}
 u - a potion of brilliance {unknown}
 v - 2 potions of degeneration {unknown}
Books
 B - Sif Muna's Collected Works on Assistive Intoxication
   (You found it on level 7 of the Dungeon)

   Spells                             Type                      Level
   a - Poisonous Vapours              Poison/Air                   2
   b - Ozocubu's Armour               Charms/Ice                   3
   c - Mephitic Cloud                 Conjuration/Poison/Air       3
   d - Ignite Poison                  Fire/Transmutation/Poison    3
   e - Deflect Missiles               Charms/Air                   6
   Trog disapproves of the use of such an item.
Comestibles
 c - 6 bread rations
 f - 4 meat rations
 i - a royal jelly
 A - 4 chunks of flesh


   Skills:
 + Level 9.2 Fighting
 + Level 9.9 Long Blades
 - Level 2.1 Armour
 - Level 2.1 Dodging


You had 8 spell levels left.
You didn't know any spells.

Dungeon Overview and Level Annotations

Branches:
Dungeon (7/15)             Temple (0/1) D:6

Altars:
Ashenzari
Elyvilon
Gozag
Makhleb
Okawaru
Sif Muna
Trog
Uskayaw
Yredelemnul
Zin

Shops:
D:6 [

Annotations:
D:7 1 transporter


Innate Abilities, Weirdness & Mutations

You have a beak for a mouth.
You have claws for feet.
You can fly.
Your system is resistant to poisons. (rPois)


Message History

You slash the yaktaur!
You kill the yaktaur!
Trog accepts your kill.
Your Fighting skill increases to level 9!
The slime creature hits you.
* * * LOW HITPOINT WARNING * * *
The crimson imp blinks!
You slash the slime creature! You claw the slime creature!
You kill the slime creature!
Trog accepts your kill.
The crimson imp throws a stone.
The stone hits you but does no damage. The ogre closely misses you.
The orc warrior hits you with a glaive!
* * * LOW HITPOINT WARNING * * *
You slash the ogre! You claw the ogre. Your peck misses the ogre.
The ogre is severely wounded.
You slice the ogre!!
You kill the ogre!
Trog accepts your kill. The orc warrior hits you with a glaive!
You die...

#.## #..#######..#.#..#.#.#
#..# #...........#8#..#...##
##.# #.##...###^.....###...#
#.###.##...# #.....## #.).#
#..##.##...#####...#####..###
##.##.######................#
#..#.# #..#########....#.#
##.#.# #.##8_._._8##...#.#
#)..# #.#)@()$$?$.#...#.#
##..# #.#o##...##.#..##.#
#..# #.#W##...##.#..##.# #.>#
#.#...§....©#..##.# ##.#
#.#.##...##.#..##.# #.#
#.#.##.(.##.#..##.# ##'##
#.#...5.....#..##.# #...#
#.##8.....8##..##.# #...#
#..#########...##.#


You could see a hungry ghost and an orc warrior.

Vanquished Creatures
  A yaktaur (D:7)
  A slime creature (D:7)
  Sigmund (D:4)
  2 sky beasts
  2 orc warriors (D:7)
  A necrophage (D:6)
  3 ogres
  2 centaurs (D:7)
  A bullfrog (D:6)
  A howler monkey (D:7)
  3 crimson imps
  A bullfrog skeleton (D:6)
  A centaur skeleton (D:6)
  2 hounds
  An orc priest (D:7)
  3 orc wizards
  An iguana (D:6)
  3 worker ants (D:4)
  3 gnolls (D:5)
  A worker ant zombie (D:6)
  8 adders
  A shadow imp (D:6)
  2 oozes
  An adder zombie (D:5)
  2 adder skeletons
  2 worms (D:3)
  3 dart slugs
  2 leopard geckos
  17 orcs
  A ball python (D:7)
  7 giant cockroaches
  15 goblins
  8 hobgoblins
  9 jackals
  2 kobolds
  2 quokkas (D:6)
  7 bats
  3 frilled lizards
  A leopard gecko skeleton (D:5)
  A quokka zombie (D:5)
  9 rats
137 creatures vanquished.

Notes
Turn   | Place    | Note
-------+----------+-------------------------------------------
     0 | D:1      | anfisbena the Tengu Berserker began the quest for the Orb.
     0 | D:1      | Reached XP level 1. HP: 14/14 MP: 2/2
   212 | D:1      | Reached XP level 2. HP: 8/19 MP: 3/3
  1322 | D:2      | Reached XP level 3. HP: 17/24 MP: 4/4
  1684 | D:2      | Reached ** piety under Trog
  2305 | D:3      | Reached XP level 4. HP: 22/29 MP: 5/5
  2792 | D:3      | Found a shattered altar of Ashenzari.
  2883 | D:3      | Gained mutation: You can fly. [Tengu growth]
  2883 | D:3      | Reached XP level 5. HP: 9/34 MP: 6/6
  3228 | D:3      | Reached *** piety under Trog
  4118 | D:4      | Found an iron altar of Okawaru.
  4125 | D:4      | Reached skill level 5 in Fighting
  4125 | D:4      | Reached skill level 5 in Long Blades
  4747 | D:4      | Reached XP level 6. HP: 32/40 MP: 7/7
  5001 | D:4      | Noticed Sigmund
  5006 | D:4      | Killed Sigmund
  5158 | D:4      | Noticed an angel
  5159 | D:4      | Found a glowing silver altar of Zin.
  5189 | D:5      | Entered Level 5 of the Dungeon
  5306 | D:5      | Reached XP level 7. HP: 43/45 MP: 8/8
  6003 | D:6      | Found a basalt altar of Yredelemnul.
  6062 | D:6      | Found Eveok's Armour Shoppe.
  6080 | D:6      | Got an ivory long sword
  6081 | D:6      | Identified the +6 long sword of Gosepp {slice, rElec SInv} (You found it on level 6 of the Dungeon)
  6171 | D:6      | Found a staircase to the Ecumenical Temple.
  6345 | D:6      | Reached XP level 8. HP: 48/53 MP: 9/9
  6349 | D:6      | Gained mutation: Your system is resistant to poisons. (rPois) [mutagenic meat]
  6463 | D:6      | Found a white marble altar of Elyvilon.
  6515 | D:6      | Reached **** piety under Trog
  7485 | D:7      | Identified Sif Muna's Collected Works on Assistive Intoxication
  7489 | D:7      | Found a bloodstained altar of Trog.
  7726 | D:7      | Found a hide-covered altar of Uskayaw.
  7726 | D:7      | Found an opulent altar of Gozag.
  7726 | D:7      | Noticed a yaktaur
  7821 | D:7      | Reached XP level 9. HP: 60/60 MP: 10/10
  7915 | D:7      | Found a deep blue altar of Sif Muna.
  7915 | D:7      | Found a burning altar of Makhleb.
  7951 | D:7      | HP: 2/60 [slime creature (15)]
  7960 | D:7      | Killed a yaktaur
  7962 | D:7      | HP: 1/90 [orc warrior/glaive (11)]
  7964 | D:7      | Mangled by an orc warrior

Skill      XL: |  1  2  3  4  5  6  7  8  9 |
---------------+----------------------------+-----
Fighting       | 4 5 7 8 9 |  9.2
Long Blades    | 4 5 6 7 9 |  9.9
Armour         | |  2.1
Dodging        | |  2.1

Action                   |  1- 3 |  4- 6 |  7- 9 || total
-------------------------+-------+-------+-------++-------
Melee: Falchion          |    76 |   122 |    36 ||   234
       Kick              |    23 |    40 |    39 ||   102
       Peck              |    13 |    38 |    22 ||    73
       Long sword        |       |       |    76 ||    76
Invok: Berserk           |       |     4 |     5 ||     9
       Trog's Hand       |       |       |     1 ||     1
 Abil: Fly               |       |     1 |       ||     1
 Stab: Sleeping          |       |     2 |     3 ||     5
  Eat: Chunk             |     4 |    14 |    10 ||    28
       Royal jelly       |       |       |     1 ||     1
       Fruit             |       |       |     1 ||     1
Armor: Animal skin       |    24 |    12 |    11 ||    47
Dodge: Dodged            |    62 |   100 |    59 ||   221
       Rpst.: Falchion   |    27 |    37 |    12 ||    76
       Long sword        |       |       |    11 ||    11
